 Dungeon Crawl Stone Soup version 0.25.1-2-g60ff931df9 (webtiles) character file.

Game seed: 3122228714533761323

88669 hawla the Stickfighter (level 15, -14/111 HPs)
             Began as a Minotaur Gladiator on Oct 18, 2020.
             Was an Initiate of Gozag.
             Demolished by a purple draconian knight
             ... wielding a +1 war axe of freezing
              (17 damage)
             ... on level 3 of the Abyss.
             The game lasted 01:14:40 (27290 turns).

hawla the Stickfighter (Minotaur Gladiator)        Turns: 27290, Time: 01:14:41

Health: -14/111    AC: 30    Str: 19 (21) XL:     15   Next: 47%
Magic:  0/10       EV: 17    Int: -2 (1)  God:    Gozag
Gold:   5015       SH:  0    Dex: 12 (14) Spells: 14/14 levels left

rFire    + . .     SeeInvis +   q - +3 lajatang of the Crushed Lovers {vamp, *Slow +Inv Int+2 Dex+2}
rCold    + + .     Gourm    .   (shield currently unavailable)
rNeg     . . .     Faith    .   a - +10 scale mail "Garao" {+Inv rC+ SInv}
rPois    .         Spirit   +   L - +1 hat
rElec    +         Reflect  .   u - scarf {rC+ rF+}
rCorr    +         Harm     .   i - +1 pair of gloves
MR       +....     Rnd*Tele +   h - +5 pair of boots of Disguise {+Inv rElec Int-2 Dex+2}
Stlth    ..........             D - brooch of Shielding {Spirit SH+8}
HPRegen  0.00/turn              O - ring of resist corrosion
MPRegen  0.12/turn              P - +4 ring of protection

@: confused, gold aura, slowed, lost intelligence, very slow
A: retaliatory headbutt, horns 2, agile 1, blurry vision 1[+2], [clumsy 2],
deformed body, deterioration 2, dopey 1[+1], [frail 2], [low mp 3], [screaming
2], [inhibited regeneration], teleportitis 1, [weak 2]
a: Potion Petition, Call Merchant, Bribe Branch, Renounce Religion, Evoke
Invisibility


You were on level 3 of the Abyss.
You worshipped Gozag.
Gozag was greatly pleased with you.
You were not hungry.

You visited 5 branches of the dungeon, and saw 23 of its levels.
You visited the Abyss 1 time.
You also visited: Ice Cave.

You collected 7441 gold pieces.
You spent 2330 gold pieces at shops.
You paid 96 gold pieces to Gozag.

Inventory:

Hand Weapons
 q - the +3 lajatang of the Crushed Lovers (weapon) {vamp, *Slow +Inv Int+2 Dex+2}
   (You acquired it in the Ecumenical Temple)

   It inflicts no extra harm, but heals its wielder when it wounds a living foe.
   It affects your intelligence (+2).
   It affects your dexterity (+2).
   It lets you turn invisible.
   It may slow you when you take damage.
 x - the +8 mace "Grom" {elec, rElec rC+ rN++ Int-4}
   (You bought it in a shop on level 2 of the Orcish Mines)

   Occasionally, upon striking a foe, it will discharge some electrical energy
   and cause terrible harm.
   It affects your intelligence (-4).
   It protects you from cold.
   It insulates you from electricity.
   It greatly protects you from negative energy.
 A - the +7 great mace "Firestarter" {inner flame, rF++}
   (You found it on level 5 of the Lair of Beasts)

   It has been specially enchanted to burn those struck by it, causing extra
   injury to most foes and up to half again as much damage against particularly
   susceptible opponents.
   It greatly protects you from fire.
 J - a +4 glaive of freezing
 X - the +6 whip of Eppedoud {drain, rF+}
   (You bought it in a shop on level 2 of the Orcish Mines)

   A truly terrible weapon, it drains the life of those it strikes.
   It protects you from fire.
Missiles
 G - 33 boomerangs (quivered)
 R - 28 poisoned darts
Armour
 a - the +10 scale mail "Garao" (worn) {+Inv rC+ SInv}
   (You bought it in a shop on level 2 of the Orcish Mines)

   It protects you from cold.
   It lets you see invisible.
   It lets you turn invisible.
 h - the +5 pair of boots of Disguise (worn) {+Inv rElec Int-2 Dex+2}
   (You acquired it in the Ecumenical Temple)

   It affects your intelligence (-2).
   It affects your dexterity (+2).
   It insulates you from electricity.
   It lets you turn invisible.
 i - a +1 pair of gloves (worn)
 u - a scarf of resistance (worn)
 L - a +1 hat (worn)
Jewellery
 t - an uncursed ring of stealth
 D - the brooch of Shielding (around neck) {Spirit SH+8}
   (You found it on level 5 of the Dungeon)

   [amulet of guardian spirit]

   It causes incoming damage to be split between your health and magic.
   It affects your SH (+8).
 O - a ring of resist corrosion (left hand)
 P - a +4 ring of protection (right hand)
 Z - an uncursed ring of protection from cold
Wands
 c - a wand of enslavement (15)
 g - a wand of acid (11)
 w - a wand of flame (25)
 y - a wand of digging (17)
 E - a wand of iceblast (19)
 I - a wand of disintegration (7)
 K - a wand of polymorph (6)
 Q - a wand of paralysis (18)
Scrolls
 d - 3 scrolls of fog
 k - 3 scrolls of blinking
 l - 5 scrolls of magic mapping
 o - 13 scrolls of remove curse
 p - 2 scrolls of teleportation
 s - 3 scrolls of enchant armour
 z - 2 scrolls of silence
 S - 7 scrolls of identify
Potions
 b - 5 potions of ambrosia
 e - 3 potions of stabbing
 j - a potion of heal wounds
 n - 5 potions of haste
 r - 2 potions of berserk rage
 v - 7 potions of curing
 B - 4 potions of flight
 C - 5 potions of might
 F - a potion of brilliance
 H - 4 potions of mutation
 N - a potion of resistance
 T - 4 potions of cancellation
 V - a potion of magic
Miscellaneous
 M - a box of beasts
Comestibles
 f - 25 rations


   Skills:
 + Level 14.6 Fighting
 + Level 11.0(14.9) Maces & Flails
 + Level 6.5(12.6) Polearms
 + Level 16.4(17.9) Staves
 + Level 4.4 Throwing
 + Level 12.1 Armour
 * Level 14.8 Dodging
 * Level 2.8 Evocations


You had 14 spell levels left.
You didn't know any spells.
Your spell library contained the following spells:

 Spells                   Type           Power        Failure   Level  Hunger
 Foxfire                  Conj/Fire      #...         87%         1    ##.....
 Magic Dart               Conj           #...         87%         1    ##.....
 Shock                    Conj/Air       #...         87%         1    ##.....
 Summon Small Mammal      Summ           #...         87%         1    ##.....
 Call Imp                 Summ           #.......     95%         2    ###....
 Sublimation of Blood     Necr           #.........   95%         2    ###....
 Call Canine Familiar     Summ           #.......     99%         3    ####...
 Conjure Flame            Conj/Fire      #.......     99%         3    ####...
 Frozen Ramparts          Ice            #.....       99%         3    ####...
 Ignite Poison            Fire/Tmut/Pois #.......     99%         3    ####...
 Inner Flame              Hex/Fire       #.......     99%         3    ####...
 Summon Guardian Golem    Hex/Summ       #.......     99%         3    ####...
 Iskenderun's Mystic Bla  Conj/Tloc      #.......     100%        4    #####..
 Leda's Liquefaction      Hex/Erth       #.........   100%        4    #####..
 Petrify                  Tmut/Erth      #.......     100%        4    #####..
 Sticky Flame             Conj/Fire      #.......     100%        4    #####..
 Summon Ice Beast         Ice/Summ       #.......     100%        4    #####..
 Summon Lightning Spire   Summ/Air       #.......     100%        4    #####..
 Alistair's Intoxication  Tmut/Pois      #.......     100%        5    ######.
 Bolt of Magma            Conj/Fire/Erth #.........   100%        5    ######.
 Fireball                 Conj/Fire      #.........   100%        5    ######.
 Irradiate                Conj/Tmut      #.........   100%        5    ######.
 Eringya's Noxious Bog    Tmut/Pois      #.........   100%        6    #######
 Iron Shot                Conj/Erth      #.........   100%        6    #######
 Simulacrum               Ice/Necr       #.........   100%        6    #######
 Statue Form              Tmut/Erth      #........    100%        6    #######
 Shatter                  Erth           #.........   100%        9    #######


Dungeon Overview and Level Annotations

Branches:
Dungeon (14/15)            Temple (1/1) D:5            Lair (5/6) D:10
  Swamp (0/4) Lair:2        Snake (0/4) Lair:3          Orc (2/2) D:10
    Elf (1/3) Orc:2        Vaults (0/5) D:13          IceCv (visited)
  Slime: Lair:5-6

Altars:
Ashenzari
Cheibriados
Dithmenos
Elyvilon
Fedhas
Gozag
Hepliaklqana
Kikubaaqudgha
Makhleb
Nemelex Xobeh
Okawaru
Qazlal
Ru
Sif Muna
Trog
Uskayaw
Vehumet
Wu Jian
Xom
Yredelemnul
Zin
The Shining One
Beogh

Shops:
D:5 %   D:9 (   Orc:1 (!   Orc:2 :(([

Annotations:
Lair:4 3 runed translucent doors, roke1's ghost, journeyman DEAE


Innate Abilities, Weirdness & Mutations

You reflexively headbutt those who attack you in melee.
You have a pair of horns on your head.
You are agile. (Dex +2)
Armour fits poorly on your strangely shaped body.
Your body often deteriorates upon taking damage.
You are occasionally teleported next to monsters.
[Scrolls take you much longer to read.]
[You are very clumsy. (Dex -4)]
[You are very dopey. (Int -4)]
[You are very frail. (-20% HP)]
[Your magical capacity is extremely low. (-30% MP)]
[You sometimes yell uncontrollably at your foes.]
[You do not regenerate when monsters are visible.]
[You are very weak. (Str -4)]


Message History

The ufetubus shouts!
You feel much better.
The golden eye turns its gaze towards you.
The golden eye is no longer distracted by gold.
The golden eye blinks at you.
You are confused.
The ufetubus becomes distracted by the nearby gold, dreaming of imaginary riches.
The purple draconian knight gestures at you while chanting.
The shard of ice hits you!! You partially resist.
* * * LOW HITPOINT WARNING * * *
Your body deteriorates!
You feel dopey.
The starcursed mass engulfs you but does no damage.
The starcursed mass closely misses you. x2
The golden eye blinks at you. You resist with almost no effort.
The wretched star pulses with an eldritch light!
You feel less energetic.
The purple draconian knight hits you with a +1 war axe of freezing!
You die...
Your body crumbles into a pile of gold.

.!§≈#########§§. ..≈≈
≈≈§≈≈≈§≈..
§..≈.......§... ##
#...#.........
##.#............. #
.......X....... .
#....*5X.G.... ≈
#...Xq@XX#.... ≈≈# ##
###...XXXX35....
≈≈$..$..>$....5455.....
#≈#.
$.$........5....... .
≈?....#.........#.....
≈≈≈.. .$$..............
###.##
..$#...#.##...#.. . #.
#. #...##.# ##.##.
#...# #..# ##


You could see 8 starcursed masses, a purple draconian knight (fast, icy armour,
invisible), a wretched star, a large abomination, a ynoxinul, a chaos spawn, a
golden eye and 6 ufetubi.

Vanquished Creatures
  A tentacled starspawn (Abyss:3)
  Gastronok (D:10)
  A frost giant (IceCv)
  An orc warlord (Orc:2)
  A deep elf demonologist (Elf:1)
  8 vault guards
  2 centaur warriors
  4 hydras
  A catoblepas (Lair:4)
  2 two-headed ogres
  2 death yaks (IceCv)
  An orc high priest (Orc:2)
  2 deep elf knights (Elf:1)
  A sun demon (Abyss:3)
  A fire crab (Lair:5)
  An unseen horror (D:12)
  A deep elf archer (Elf:1)
  An orc knight (Elf:1)
  16 ugly things
  3 orc sorcerers
  2 manticores
  A shining eye (Abyss:3)
  11 deep elf magi
  3 cyclopes
  16 elephants
  Psyche (D:10)
  2 black mambas
  3 spiny frogs
  2 gargoyles
  5 komodo dragons
  A rime drake (Lair:3)
  2 redback zombies (D:14)
  A yaktaur (D:12)
  A freezing wraith (D:14)
  8 trolls
  15 polar bears
  Prince Ribbit (D:7)
  16 blink frogs
  8 slime creatures
  5 hippogriffs
  2 bog bodies (Lair:2)
  A hippogriff (shapeshifter) (D:14)
  50 yaks
  2 shadows
  Eustachio (D:4)
  2 basilisks (D:14)
  A fire elemental (Elf:1)
  3 golden eyes (Abyss:3)
  5 hungry ghosts
  4 vampire mosquitoes (D:14)
  A neqoxec (Abyss:3)
  A small abomination (Abyss:3)
  Edmund (D:4)
  2 soldier ants
  3 wargs
  2 large abominations (Abyss:3)
  3 nagas (Lair:3)
  6 water moccasins
  11 porcupines
  A sky beast (D:11)
  2 black bears
  2 eyes of draining
  14 ice beasts
  35 orc warriors
  5 phantoms
  9 ogres
  4 boggarts (Lair:4)
  5 centaurs
  30 wolves
  10 crocodiles
  10 big kobolds
  Blork the orc (D:4)
  19 bullfrogs
  A wyvern zombie (D:13)
  5 scorpions
  4 killer bees (D:7)
  7 wights
  3 howler monkeys
  A howler monkey (shapeshifter) (D:13)
  3 electric eels
  11 crimson imps
  3 bullfrog zombies
  3 centaur zombies
  A quasit (D:12)
  11 hounds
  9 jellies
  15 orc priests
  A bullfrog skeleton (D:5)
  4 centaur skeletons
  5 iguanas
  25 orc wizards
  6 worker ants
  A hound skeleton (D:7)
  8 gnolls
  12 adders
  5 shadow imps
  An ufetubus (Abyss:3)
  4 oozes (D:5)
  An adder skeleton (D:9)
  3 worms
  5 dart slugs
  6 leopard geckos
  67 orcs
  7 bats
  3 giant cockroaches (D:1)
  7 goblins
  6 hobgoblins
  14 jackals
  20 kobolds
  4 quokkas
  8 frilled lizards
  A goblin skeleton (D:9)
  A hobgoblin zombie (D:9)
  A jackal skeleton (D:4)
  2 kobold zombies (D:9)
  A leopard gecko zombie (D:7)
  An orc skeleton (D:9)
  A quokka skeleton (D:5)
  7 rats
718 creatures vanquished.

Vanquished Creatures (collateral kills)
  An orc sorcerer (Orc:1)
  An orc knight (Orc:1)
2 creatures vanquished.

Vanquished Creatures (others)
  A dancing weapon (Elf:1)
  A polar bear (IceCv)
  A water elemental (Elf:1)
  2 starcursed masses (Abyss:3)
  A fungus (D:5)
  2 plants (Lair:1)
  2 starspawn tentacles (Abyss:3)
  11 toadstools (D:5)
21 creatures vanquished.

Grand Total: 741 creatures vanquished

Notes
Turn   | Place    | Note
-------+----------+-------------------------------------------
     0 | D:1      | hawla the Minotaur Gladiator began the quest for the Orb.
     0 | D:1      | Reached XP level 1. HP: 18/18 MP: 0/0
   123 | D:1      | Reached skill level 4 in Staves
   128 | D:1      | Reached XP level 2. HP: 20/25 MP: 1/1
   459 | D:1      | Reached XP level 3. HP: 25/30 MP: 2/2
   971 | D:2      | Reached skill level 1 in Armour
   971 | D:2      | Reached XP level 4. HP: 26/37 MP: 3/3
  1421 | D:2      | Found a faded altar of an unknown god.
  1889 | D:3      | Found a hazy altar of Hepliaklqana.
  1901 | D:3      | Reached skill level 5 in Staves
  2015 | D:3      | Found a snail-covered altar of Cheibriados.
  2366 | D:3      | Reached XP level 5. HP: 33/45 MP: 4/4
  2546 | D:4      | Found an ancient bone altar of Kikubaaqudgha.
  2551 | D:4      | Noticed Eustachio
  2552 | D:4      | Found a shimmering blue altar of Sif Muna.
  2554 | D:4      | Found a radiant altar of Vehumet.
  2573 | D:4      | Killed Eustachio
  2573 | D:4      | Reached skill level 1 in Maces & Flails
  2573 | D:4      | Reached skill level 6 in Staves
  2573 | D:4      | Reached skill level 5 in Dodging
  2573 | D:4      | Reached XP level 6. HP: 37/51 MP: 5/5
  2662 | D:4      | Identified Vehumet's Incunabulum of Arcane Weapons
  2845 | D:4      | Found a blossoming altar of Fedhas.
  2900 | D:4      | Noticed Edmund
  2920 | D:4      | Killed Edmund
  2986 | D:4      | Found a sparkling altar of Nemelex Xobeh.
  2986 | D:4      | Noticed Blork the orc
  2998 | D:4      | Killed Blork the orc
  2998 | D:4      | Reached XP level 7. HP: 58/58 MP: 6/6
  3089 | D:5      | Entered Level 5 of the Dungeon
  3115 | D:5      | Found an opulent altar of Gozag.
  3140 | D:5      | Noticed a hungry ghost
  3150 | D:5      | Killed a hungry ghost
  3213 | D:5      | Found a stormy altar of Qazlal.
  3216 | D:5      | Found a shattered altar of Ashenzari.
  3219 | D:5      | Found a burning altar of Makhleb.
  3508 | D:5      | Reached XP level 8. HP: 53/67 MP: 7/7
  3600 | D:5      | Found a white marble altar of Elyvilon.
  3690 | D:5      | Reached skill level 5 in Maces & Flails
  3739 | D:5      | Reached skill level 5 in Fighting
  3745 | D:5      | Noticed a slime creature
  3745 | D:5      | Noticed a slime creature
  3750 | D:5      | Killed a slime creature
  3750 | D:5      | Reached skill level 5 in Armour
  3757 | D:5      | Reached skill level 7 in Staves
  3764 | D:5      | Killed a slime creature
  4112 | D:5      | Reached XP level 9. HP: 73/74 MP: 8/8
  4206 | D:5      | Found the brooch of Shielding {Spirit SH+8}
  4323 | D:5      | Found a staircase to the Ecumenical Temple.
  4329 | Temple   | Entered the Ecumenical Temple
  4946 | D:5      | Became a worshipper of Gozag Ym Sagoz the Greedy
  5317 | D:5      | Found Bugedgh Muveu's Food Boutique.
  5326 | D:5      | Bought a ration for 50 gold pieces
  5326 | D:5      | Bought a ration for 50 gold pieces
  5326 | D:5      | Bought a ration for 50 gold pieces
  5326 | D:5      | Bought a ration for 50 gold pieces
  5954 | D:7      | Found a shimmering altar of Xom.
  5954 | D:7      | Noticed Prince Ribbit
  5961 | D:7      | Killed Prince Ribbit
  5961 | D:7      | Reached skill level 8 in Staves
  7074 | D:8      | Reached skill level 9 in Staves
  7074 | D:8      | Reached XP level 10. HP: 84/84 MP: 9/9
  7993 | D:9      | Found Supp's Weapon Shop.
  8010 | D:9      | Bought 7 boomerangs for 45 gold pieces
  8010 | D:9      | Bought 3 boomerangs for 19 gold pieces
  8047 | D:9      | You fall into a shaft and drop 1 floor!
  8047 | D:10     | Entered Level 10 of the Dungeon
  8052 | D:10     | Noticed a gargoyle
  8061 | D:10     | Killed a gargoyle
  8153 | D:9      | Found a glowing golden altar of the Shining One.
  8574 | D:10     | Identified a scroll of acquirement
  8574 | D:10     | Acquired the ring of Giyrut {rF+ MR+ MP-9 SInv}
  8628 | D:10     | Noticed Gastronok
  8642 | D:10     | Reached skill level 10 in Staves
  9036 | D:10     | Killed Gastronok
  9201 | D:10     | Found a staircase to the Lair.
  9208 | D:10     | Reached XP level 11. HP: 78/94 MP: 1/10
  9222 | D:10     | Reached skill level 11 in Staves
  9482 | D:10     | Found a staircase to the Orcish Mines.
  9758 | D:10     | Noticed Psyche
  9767 | D:10     | Killed Psyche
 10035 | D:11     | Reached skill level 10 in Dodging
 10232 | D:11     | Noticed a purple ugly thing
 10248 | D:11     | Killed a purple ugly thing
 10407 | D:11     | Noticed a two-headed ogre
 10417 | D:11     | Killed a two-headed ogre
 10810 | D:12     | Found a frozen archway.
 10990 | IceCv    | Entered an ice cave
 11197 | IceCv    | Noticed a death yak
 11211 | IceCv    | Killed a death yak
 11211 | IceCv    | Reached skill level 12 in Staves
 11404 | IceCv    | Reached XP level 12. HP: 93/106 MP: 2/11
 11619 | IceCv    | Noticed a frost giant
 11619 | IceCv    | Noticed a death yak
 11641 | IceCv    | Killed a death yak
 11656 | IceCv    | Killed a frost giant
 11656 | IceCv    | Reached skill level 10 in Fighting
 11959 | IceCv    | Reached skill level 13 in Staves
 12773 | D:12     | Reached skill level 1 in Polearms
 13299 | Temple   | Acquired the +5 pair of boots of Disguise {+Inv rElec Int-2
                  | Dex+2}
 13935 | D:12     | Noticed a two-headed ogre
 13944 | D:12     | Killed a two-headed ogre
 13951 | D:12     | Reached skill level 5 in Polearms
 14156 | D:12     | Found a glowing silver altar of Zin.
 14157 | D:12     | Found a white marble altar of Elyvilon.
 14157 | D:12     | Found a bloodstained altar of Trog.
 14157 | D:12     | Found a shimmering blue altar of Sif Muna.
 14197 | D:12     | Got a smoking cloak
 14208 | D:12     | Identified the +2 cloak "Gebulog" {Dex+6} (You found it on
                  | level 12 of the Dungeon)
 14674 | D:13     | Noticed a centaur warrior
 14745 | D:13     | Killed a centaur warrior
 14935 | D:13     | Found a shimmering altar of Xom.
 14954 | D:13     | Reached XP level 13. HP: 110/114 MP: 3/12
 15133 | D:13     | Found a gate to the Vaults.
 15607 | D:14     | Reached skill level 10 in Maces & Flails
 15607 | D:14     | Reached skill level 14 in Staves
 15912 | D:13     | Reached skill level 10 in Armour
 17444 | D:14     | Reached XP level 14. HP: 126/127 MP: 4/13
 17835 | D:14     | Reached skill level 15 in Staves
 18128 | Orc:1    | Entered Level 1 of the Orcish Mines
 18284 | Orc:2    | Entered Level 2 of the Orcish Mines
 18322 | Orc:1    | Found Vorits's Antique Weapon Boutique.
 18331 | Orc:1    | Bought a lajatang for 495 gold pieces
 18366 | Orc:1    | Found Heonuzeb's Distillery.
 18376 | Orc:1    | Bought a potion of cancellation for 88 gold pieces
 18376 | Orc:1    | Bought a potion of curing for 33 gold pieces
 18376 | Orc:1    | Bought a potion of cancellation for 88 gold pieces
 18376 | Orc:1    | Bought a potion of cancellation for 88 gold pieces
 18376 | Orc:1    | Bought a potion of cancellation for 88 gold pieces
 18376 | Orc:1    | Bought a potion of resistance for 110 gold pieces
 18376 | Orc:1    | Bought a potion of heal wounds for 55 gold pieces
 18376 | Orc:1    | Bought a potion of heal wounds for 55 gold pieces
 18376 | Orc:1    | Bought 2 potions of heal wounds for 110 gold pieces
 19015 | Orc:2    | Found a staircase to the Elven Halls.
 19132 | Orc:2    | Found a roughly hewn altar of Beogh.
 19132 | Orc:2    | Found Qeov Qirech's Book Boutique.
 19213 | Orc:2    | Found a roughly hewn altar of Beogh.
 19214 | Orc:2    | Found Qulaelot's Antique Weapon Boutique.
 19334 | Orc:2    | Bought a pitted whip for 210 gold pieces
 19334 | Orc:2    | Identified the +6 whip of Eppedoud {drain, rF+} (You bought
                  | it in a shop on level 2 of the Orcish Mines)
 19397 | Orc:2    | Noticed an orc warlord
 19471 | Orc:2    | Killed an orc warlord
 19797 | Orc:2    | Found Ziylacw's Antique Weapon Shoppe.
 19798 | Orc:2    | Found a roughly hewn altar of Beogh.
 19799 | Orc:2    | Found Sarch's Antique Armour Emporium.
 19806 | Orc:2    | Bought a steaming scale mail for 225 gold pieces
 19806 | Orc:2    | Bought a jewelled chain mail for 237 gold pieces
 19823 | Orc:2    | Identified the cursed +1 chain mail "Finlin" {rCorr} (You
                  | bought it in a shop on level 2 of the Orcish Mines)
 19838 | Orc:2    | Identified the +10 scale mail "Garao" {+Inv rC+ SInv} (You
                  | bought it in a shop on level 2 of the Orcish Mines)
 20116 | Temple   | Acquired the +3 lajatang of the Crushed Lovers {vamp, *Slow
                  | +Inv Int+2 Dex+2}
 20834 | Orc:2    | Found a roughly hewn altar of Beogh.
 21007 | Lair:1   | Entered Level 1 of the Lair of Beasts
 21051 | Lair:1   | You fall into a shaft and drop 1 floor!
 21174 | Lair:2   | Found an ornate altar of the Wu Jian Council.
 22269 | Lair:2   | Found a staircase to the Swamp.
 22736 | Lair:3   | Found a staircase to the Snake Pit.
 23156 | Lair:3   | Identified Zeapheps's Reference Book on Frigorific
                  | Conjuration
 23358 | Lair:4   | Reached skill level 16 in Staves
 23425 | Lair:4   | Reached XP level 15. HP: 121/138 MP: 9/14
 23590 | Lair:4   | Found a runed translucent gate.
 23590 | Lair:4   | Found a runed translucent gate.
 23595 | Lair:4   | Found a runed translucent gate.
 23609 | Lair:4   | Noticed roke1's ghost (journeyman DEAE)
 24955 | Orc:2    | Bought an iridescent mace for 184 gold pieces
 24955 | Orc:2    | Lost intelligence.
 24955 | Orc:2    | Identified the +8 mace "Grom" {elec, rElec rC+ rN++ Int-4}
                  | (You bought it in a shop on level 2 of the Orcish Mines)
 25239 | Lair:5   | Reached skill level 1 in Evocations
 25930 | Lair:5   | Found the +7 great mace "Firestarter" {inner flame, rF++}
 26323 | Elf:1    | Entered Level 1 of the Elven Halls
 26451 | Elf:1    | Found a radiant altar of Vehumet.
 26951 | Elf:1    | Noticed a Brimstone Fiend
 27010 | Elf:1    | Cast into level 3 of the Abyss (+1 halberd of distortion)
 27080 | Abyss:3  | Noticed a tentacled starspawn
 27091 | Abyss:3  | Killed a tentacled starspawn
 27094 | Abyss:3  | Gained mutation: [Scrolls take you a little longer to
                  | read.] [a shining eye]
 27219 | Abyss:3  | Gained mutation: [You are dopey. (Int -2)] [a neqoxec]
 27230 | Abyss:3  | Gained mutation: You are occasionally teleported next to
                  | monsters. [a neqoxec]
 27232 | Abyss:3  | Gained mutation: Your body sometimes deteriorates upon
                  | taking damage. [a neqoxec]
 27235 | Abyss:3  | Gained mutation: You are agile. (Dex +2) [a neqoxec]
 27236 | Abyss:3  | Gained mutation: Your body often deteriorates upon taking
                  | damage. [a neqoxec]
 27239 | Abyss:3  | Gained mutation: Armour fits poorly on your strangely
                  | shaped body. [a neqoxec]
 27272 | Abyss:3  | Noticed a purple draconian knight
 27275 | Abyss:3  | Paralysed by accursed screaming for 1 turns
 27279 | Abyss:3  | Lost intelligence.
 27284 | Abyss:3  | HP: 4/111 [purple draconian knight/+1 war axe of freezing
                  | (22)]
 27290 | Abyss:3  | HP: 3/111 [purple draconian knight/shard of ice (34)]
 27290 | Abyss:3  | Demolished by a purple draconian knight

Illustrated notes

Levels and vault maps discovered:
D:1:      scummos_arrival_gate, layout_basic, minmay_pentomino_r2
D:2:      layout_basic, chequers_ecumenical_altar_simple, kennysheep_crisscross
D:3:      layout_loops_cross, kennysheep_slug_shrine, overflow_temple_1_default,
          kennysheep_generic_room_7
D:4:      layout_rooms, grunt_temple_overflow_magic_moments, fedhas_altar_3,
          first_ration, nemelex_lonely_heart_becter, uniq_blork_the_orc,
          uniq_edmund, uniq_eustachio
D:5:      cheibrodos_fertilizer, layout_basic, elyvilon_altar_5,
          grunt_temple_overflow_diamond, nicolae_overflow_hidden_temple,
          minmay_temple_entry_enclosed_plants, serial_shops, shop
D:6:      layout_loops_ring
D:7:      layout_gridville, xom_teletrap_fun, uniq_prince_ribbit1
D:8:      layout_loops_corners
D:9:      layout_loops_ring, serial_shops, shop_fountains, blue_anna_alchemist
          [blue_anna_fruit_fields, blue_anna_fruit_fields],
          nicolae_tso_besieged_by_evil
D:10:     layout_loops_ring, erik_lair_island, orc_0_dummy, uniq_gastronok,
          uniq_psyche
D:11:     layout_long_grid
D:12:     minmay_the_grid_octo_tiled_squarecenter [minmay_the_grid_octo_clover,
          minmay_the_grid_octo_shrine, minmay_the_grid_octo_empty,
          minmay_the_grid_octo_tetromino_candy,
          minmay_the_grid_square_5x5_megaprize_hollow,
          minmay_the_grid_square_5x5_c, minmay_the_grid_square_5x5_spiral,
          minmay_the_grid_square_5x5_checkered_sparse,
          minmay_the_grid_square_5x5_half_checkered], layout_stronghold,
          portal_ice_cave_entry_ice_beasts, minmay_quadrilaterals
D:13:     layout_basic, erik_vaults_2, basic_altar,
          minmay_misc_feat_four_crosses, minmay_microvault
D:14:     layout_grid_maze
Temple:   cyrus_temple_forest
Lair:1:   layout_long_grid, beast_lair_carwin_9
Lair:2:   layout_regular_city, skrybe_swamp_entry_bodies, basic_altar,
          infiniplex_staircase_pool, serial_bayou_shore_a
Lair:3:   layout_misc_corridors, minmay_snake_entry_guardpost_small
Lair:4:   layout_misc_corridors, gammafunk_ghost_necromancy,
          kilobyte_rumbling_trees, lemuel_fruit_tree
Lair:5:   layout_regular_city, gammafunk_lair_bear_cave
Orc:1:    layout_caves, serial_shops, shop, nicolae_shop_crystal
Orc:2:    grunt_orc_community_town_hall, layout_caves,
          grunt_orc_community_big_house_1, grunt_orc_community_big_house_1,
          grunt_orc_community_house_3, grunt_orc_community_house_2,
          grunt_orc_community_house_1, grunt_orc_community_house_1,
          grunt_orc_community_house_3, grunt_orc_community_house_3
Elf:1:    eino_elf_arrival_altar, layout_gridlike, serial_shops, shop,
          orc_legates, roderic_lattice_octagonal_star
Abyss:3:  base: Crypt:2, base: Vaults:3, evilmike_abyss_rune_elephants_shrine,
          hangedman_abyss_shoalhut

Skill      XL: |  1  2  3  4  5  6  7  8  9 10 11 12 13 14 15 |
---------------+----------------------------------------------+-----
Staves         | 4 5 6 7 9 10 12 13 14 16 | 16.4
Dodging        | 4 5 6 7 8 9 11 12 13 14 | 14.8
Armour         | 1 2 4 5 7 8 9 10 11 12 | 12.1
Fighting       | 3 4 5 6 8 9 10 12 14 | 14.6
Maces & Flails | 1 2 4 6 7 8 9 10 11 | 11.0
Throwing       | 3 4 |  4.4
Polearms       | 6 |  6.5
Evocations     | 2 |  2.8

Action                   |  1- 3 |  4- 6 |  7- 9 | 10-12 | 13-15 || total
-------------------------+-------+-------+-------+-------+-------++-------
Melee: Quarterstaff      |    76 |    63 |   165 |   508 |   453 ||  1265
       Headbutt          |     5 |    14 |    52 |   194 |   374 ||   639
       Flail             |       |    58 |    73 |   146 |    27 ||   304
       Unarmed           |       |     3 |       |       |       ||     3
       Glaive            |       |       |       |   118 |     3 ||   121
       Lajatang          |       |       |       |       |   649 ||   649
       Whip              |       |       |       |       |    67 ||    67
       Great mace        |       |       |       |       |    29 ||    29
Throw: Javelin           |     6 |     3 |     5 |       |     5 ||    19
       Boomerang         |       |       |       |    18 |    17 ||    35
 Abil: Evoke Invisibilit |       |       |       |       |     1 ||     1
Evoke: Wand              |       |       |       |     1 |     5 ||     6
  Use: Scroll            |     6 |     2 |     7 |    14 |    10 ||    39
       Potion            |       |       |       |       |    14 ||    14
 Stab: Distracted        |       |       |       |     2 |    10 ||    12
       Petrifying        |       |       |       |       |     1 ||     1
  Eat: Chunk             |       |     4 |     5 |       |       ||     9
       Ration            |       |     1 |     3 |     9 |    12 ||    25
Armor: Leather armour    |     8 |       |       |       |       ||     8
       Scale mail        |    18 |    52 |    99 |    93 |   349 ||   611
       Robe              |       |       |       |    61 |       ||    61
       Chain mail        |       |       |       |       |   127 ||   127
Dodge: Dodged            |    33 |    95 |   143 |   412 |   872 ||  1555
Block: Other             |       |       |    23 |   241 |   382 ||   646
